 Dungeon Crawl Stone Soup version 0.29-a0-323-g050149af67 (webtiles) character file.

Game seed: 11389853364545810755

5888 Murumi the Covert (level 10, -6/59 HPs)
             Began as a Vampire Enchanter on Apr 12, 2022.
             Was a Believer of Okawaru.
             Mangled by an efreet
             ... wielding a +4 scimitar of flaming
              (12 damage)
             ... on level 8 of the Dungeon.
             The game lasted 00:28:58 (8382 turns).

Murumi the Covert (Vampire Enchanter)               Turns: 8382, Time: 00:28:58

Health: -6/59      AC: 11    Str:  7    XL:     10   Next: 52%
Magic:  1/17       EV: 13    Int: 21    God:    Okawaru [**....]
Gold:   335        SH:  0    Dex: 19    Spells: 8/19 levels left

rFire   + . .      SeeInvis +   a - +3 dagger (venom)
rCold   + + .      Faith    +   (no shield)
rNeg    + + +      Spirit   .   b - +1 robe
rPois   ∞          Reflect  .   (no helmet)
rElec   .          Harm     .   (no cloak)
rCorr   +          Rampage  .   m - +0 pair of gloves
Will    +....                   (no boots)
Stlth   ++++++++..              q - amulet of faith
HPRegen 0.00/turn               r - ring of protection from fire
MPRegen 0.15/turn               t - ring "Xylaf" {Wiz rCorr Int+3 Stlth+}

@: ice-armoured, bloodless, inhibited regen, invisible
A: bloodless, fangs 3, see invisible, vampiric 2
a: Bat Form, Revivify, Renounce Religion, Heroism


You were on level 8 of the Dungeon.
You worshipped Okawaru.
Okawaru was pleased with you.
You visited 2 branches of the dungeon, and saw 9 of its levels.

You collected 335 gold pieces.

Inventory:

Hand Weapons
 a - a +3 dagger of venom (weapon)
Armour
 b - a +1 robe (worn)
 m - a +0 pair of gloves (worn)
Jewellery
 i - a ring of protection from cold
 o - a ring of flight
 q - an amulet of faith (around neck)
 r - a ring of protection from fire (left hand)
 t - the ring "Xylaf" (right hand) {Wiz rCorr Int+3 Stlth+}
   (You acquired it on level 8 of the Dungeon)

   [ring of wizardry]

   It improves your spell success rate.
   Int:       It affects your intelligence (+3).
   rCorr:     It protects you from acid and corrosion.
   Stlth:     It makes you more stealthy.
Scrolls
 h - 3 scrolls of teleportation
 j - a scroll of fog
 k - a scroll of torment
Potions
 c - a potion of invisibility
 d - 3 potions of brilliance
 e - 5 potions of curing
 f - 2 potions of ambrosia
 g - 2 potions of heal wounds
 l - a potion of mutation
 n - a potion of haste {unknown}
 p - a potion of degeneration {unknown}
 s - a potion of attraction {unknown}


   Skills:
 - Level 5.0 Fighting
 - Level 7.0 Short Blades
 - Level 2.0 Armour
 - Level 3.0 Dodging
 - Level 12.0 Stealth
 - Level 5.0 Spellcasting
 - Level 1.0 Conjurations
 - Level 11.0 Hexes
 + Level 5.6 Ice Magic
 - Level 2.0 Invocations


You had 8 spell levels left.
You knew the following spells:

 Your Spells              Type           Power      Damage    Failure   Level
a - Ensorcelled Hibernat  Hex/Ice        80%        N/A       1%          2
b - Confusing Touch       Hex            51%        N/A       1%          3
c - Dazzling Flash        Conj/Hex       60%        N/A       1%          3
d - Ozocubu's Armour      Ice            29%        N/A       1%          3

Your spell library contained the following spells:

 Spells                   Type           Power      Damage    Failure   Level
 Metabolic Englaciation   Hex/Ice        20%        N/A       4%          5
 Static Discharge         Conj/Air       7%         N/A       5%          2
 Lightning Bolt           Conj/Air       3%         1d15      65%         5
 Maxwell's Capacitive Co  Air            2%         ∞         100%        8
 Tukima's Dance           Hex            Unusable   N/A       N/A         3
 Simulacrum               Ice/Necr       Unusable   N/A       N/A         6

Dungeon Overview and Level Annotations

Branches:
Dungeon (8/15)             Temple (1/1) D:7
   Lair: D:8-11

Altars:
Ashenzari
Cheibriados
Elyvilon
Fedhas
Gozag
Hepliaklqana
Kikubaaqudgha
Makhleb
Nemelex Xobeh
Okawaru
Sif Muna
Trog
Uskayaw
Vehumet
Xom
Yredelemnul
Zin
The Shining One


Innate Abilities, Weirdness & Mutations

You do not regenerate when monsters are visible.
You are frail without blood (-20% HP).
You can heal yourself when you bite living creatures.
You are immune to poison.
You have razor-sharp teeth.
You have supernaturally acute eyesight. (SInv)
You are afflicted with vampirism and can become a bat while bloodless.


Message History

The water moccasin misses you.
You hit the water moccasin.
The water moccasin is moderately wounded.
The water moccasin misses you.
An efreet comes into view.
It is wielding a +4 scimitar of flaming and wearing the +1 robe "Qoucuj" {rC+ Str+3}.
You hit the water moccasin.
The water moccasin is heavily wounded.
The water moccasin barely misses you.
You closely miss the water moccasin.
The water moccasin is heavily wounded.
The water moccasin bites you but does no damage.
You hit the water moccasin but do no damage.
The water moccasin is poisoned.
The water moccasin is heavily wounded.
The water moccasin bites you but does no damage.
You hit the water moccasin.
You punch the water moccasin, but do no damage.
The water moccasin is heavily wounded.
The water moccasin closely misses you.
You closely miss the water moccasin. You punch the water moccasin.
The water moccasin is severely wounded.
The water moccasin bites you but does no damage.
You hit the water moccasin.
You bite the water moccasin, but do no damage.
The water moccasin is severely wounded.
The water moccasin misses you.
You puncture the water moccasin!
You kill the water moccasin!
Okawaru accepts your kill.
The centaur shoots an arrow.
The arrow hits you.
* * * LOW HITPOINT WARNING * * *
Unknown command.
You fade into invisibility!
The centaur shoots an arrow.
The arrow hits you.
* * * LOW HITPOINT WARNING * * *
The centaur shoots an arrow.
The arrow hits the efreet!
You hit the efreet but do no damage.
The efreet is moderately wounded.
The efreet hits you with a +4 scimitar of flaming!
You die...

# # ...#. ##. .## #... ..##
##.. #..##... # #.. ..# #
#.##.... .##..#☼o##.#
#.#..... ..##°##..#
#....... # #..#☼o# #
#...#..# #. #.Y#cR##.#
#.#.#..#
#.^##.##@.########...#..#
##.##.##.##...........).#
#. ##..#..##..####.###).)..
#...###.###..#####.######.#
#.............##.....# #.#
#.##.....#.###.#.###.# #.#
#####..#####..# #.# #.#
#..##.....###.# #..
#..##.##.>....# ###


You could see an efreet (can't see you), an orc warrior (can't see you) and a
centaur (can't see you).

Vanquished Creatures
  A two-headed ogre (D:8)
  Pikel (D:6)
  An ugly thing (D:8)
  An unseen horror (D:7)
  2 hornets
  A polar bear (D:8)
  Prince Ribbit (D:5)
  Sigmund (D:2)
  Eustachio (D:6)
  Menkaure (D:6)
  Edmund (D:6)
  2 water moccasins
  2 sky beasts
  An orc warrior (D:8)
  An ice beast (D:5)
  A black bear (D:5)
  A centaur (D:8)
  A lemure (D:6)
  A phantom (D:5)
  5 bullfrogs
  Blork the orc (D:6)
  3 necrophages
  5 wights (D:8)
  3 killer bees (D:7)
  10 hounds
  2 jellies
  2 orc priests
  4 gnoll shamans
  Terence (D:3)
  3 iguanas
  2 orc wizards (D:7)
  A centaur simulacrum (D:8)
  15 gnolls
  2 adders
  3 shadow imps
  3 white imps
  An ufetubus (D:5)
  3 worms
  25 orcs
  4 ball pythons
  7 endoplasms
  3 giant cockroaches
  7 goblins
  5 hobgoblins
  2 jackals (D:2)
  A quokka (D:4)
  2 bats
  2 frilled lizards (D:3)
  6 kobolds
  2 rats
  A spectral kobold (D:4)
158 creatures vanquished.

Notes
Turn   | Place    | Note
-------+----------+-------------------------------------------
     0 | D:1      | Murumi the Vampire Enchanter began the quest for the Orb.
     0 | D:1      | Reached XP level 1. HP: 13/13 MP: 3/3
   124 | D:1      | Reached skill level 5 in Stealth
   255 | D:1      | Reached XP level 2. HP: 15/15 MP: 5/5
   376 | D:1      | Learned a level 2 spell: Ensorcelled Hibernation
   628 | D:2      | Noticed Sigmund
   640 | D:2      | Killed Sigmund
   641 | D:2      | Reached skill level 5 in Hexes
   641 | D:2      | Reached skill level 1 in Fighting
   641 | D:2      | Reached skill level 6 in Stealth
   641 | D:2      | Reached skill level 1 in Ice Magic
   641 | D:2      | Reached skill level 1 in Armour
   641 | D:2      | Gained mutation: You are afflicted with vampirism and can
                  | become a bat while bloodless. [Vampire growth]
   641 | D:2      | Reached XP level 3. HP: 7/21 MP: 6/6
   641 | D:2      | Reached XP level 4. HP: 9/26 MP: 7/7
   641 | D:2      | Reached XP level 5. HP: 11/30 MP: 8/8
   645 | D:2      | Learned a level 3 spell: Confusing Touch
   649 | D:2      | Learned a level 3 spell: Dazzling Flash
  1062 | D:2      | Found a faded altar of an unknown god.
  1466 | D:3      | Noticed Terence
  1474 | D:3      | Killed Terence
  1830 | D:3      | Reached skill level 7 in Stealth
  2334 | D:4      | Reached XP level 6. HP: 35/35 MP: 6/9
  2360 | D:4      | Reached skill level 8 in Stealth
  2853 | D:4      | Found a shimmering blue altar of Sif Muna.
  3220 | D:4      | Found a hazy altar of Hepliaklqana.
  3272 | D:5      | Entered Level 5 of the Dungeon
  3328 | D:5      | Noticed an ice beast
  3339 | D:5      | Killed an ice beast
  3340 | D:5      | Reached skill level 1 in Conjurations
  3340 | D:5      | Reached XP level 7. HP: 40/40 MP: 6/10
  3473 | D:5      | Learned a level 3 spell: Ozocubu's Armour
  3652 | D:5      | Reached skill level 9 in Stealth
  3789 | D:5      | Reached XP level 8. HP: 46/46 MP: 12/12
  3910 | D:5      | Noticed Prince Ribbit
  3914 | D:5      | Killed Prince Ribbit
  4307 | D:6      | Noticed Eustachio
  4356 | D:6      | Killed Eustachio
  4357 | D:6      | Reached skill level 5 in Short Blades
  4357 | D:6      | Reached skill level 10 in Stealth
  4671 | D:6      | Found an ancient bone altar of Kikubaaqudgha.
  4708 | D:6      | Noticed Blork the orc
  4719 | D:6      | Killed Blork the orc
  4749 | D:6      | Noticed Pikel
  4753 | D:6      | Noticed Menkaure
  4761 | D:6      | Killed Pikel
  4762 | D:6      | Reached XP level 9. HP: 52/52 MP: 7/15
  4769 | D:6      | Reached skill level 5 in Ice Magic
  4772 | D:6      | Killed Menkaure
  4976 | D:6      | Noticed Edmund
  4982 | D:6      | Killed Edmund
  5408 | D:7      | Reached skill level 11 in Stealth
  5938 | D:7      | Noticed an unseen horror
  5986 | D:7      | Reached skill level 10 in Hexes
  6092 | D:7      | Killed an unseen horror
  6093 | D:7      | Reached skill level 12 in Stealth
  6341 | D:7      | Found a staircase to the Ecumenical Temple.
  6380 | Temple   | Entered the Ecumenical Temple
  6848 | Temple   | Became a worshipper of Warmaster Okawaru
  6964 | D:7      | Found a snail-covered altar of Cheibriados.
  7716 | D:8      | Noticed a polar bear
  7753 | D:8      | Killed a polar bear
  7754 | D:8      | Reached XP level 10. HP: 56/56 MP: 12/16
  7780 | D:8      | Identified a scroll of acquirement
  7780 | D:8      | Acquired the ring "Xylaf" {Wiz rCorr Int+3 Stlth+}
  8031 | D:8      | Reached * piety under Okawaru
  8271 | D:8      | Noticed a two-headed ogre
  8276 | D:8      | Killed a two-headed ogre
  8277 | D:8      | Reached skill level 5 in Fighting
  8277 | D:8      | Reached skill level 5 in Spellcasting
  8341 | D:8      | Reached skill level 1 in Invocations
  8349 | D:8      | Noticed a cyan ugly thing
  8351 | D:8      | Reached ** piety under Okawaru
  8353 | D:8      | Killed a cyan ugly thing
  8373 | D:8      | Identified the +1 robe "Qoucuj" {rC+ Str+3}
  8382 | D:8      | Mangled by an efreet

Illustrated notes

Levels and vault maps discovered:
D:1:      amcnicky_arrival_double_pillar, layout_rooms
D:2:      layout_loops_cross, shapermc_ecumenical_altar_mp_vishouse,
          uniq_sigmund
D:3:      layout_loops_ring, uniq_terence
D:4:      layout_loops_ring, mainiacjoe_overflow_six_doors_small,
          nicolae_hepliaklqana_monster_ancestors
D:5:      layout_basic, kennysheep_generic_room_6, uniq_prince_ribbit1
D:6:      layout_rooms, kennysheep_mini, uniq_edmund, uniq_menkaure, uniq_pikel,
          uniq_blork_the_orc, uniq_eustachio
D:7:      mumra_celtic_spiral_tile, layout_loops_corners, slow_altar_2,
          minmay_temple_entry_trees
D:8:      minmay_the_grid_octo_tiled_squarecenter
          [minmay_the_grid_octo_checkerflower, minmay_the_grid_octo_fat_diamond,
          minmay_the_grid_octo_odd_swirl, minmay_the_grid_octo_77,
          minmay_the_grid_square_5x5_megaprize_crossed,
          minmay_the_grid_square_5x5_sharp_hourglass,
          minmay_the_grid_square_5x5_bridge, minmay_the_grid_square_5x5_three,
          minmay_the_grid_square_5x5_broken_cross], layout_loops_ring,
          mainiacjoe_overflow_alcove_3, serial_ice, serial_ice_o, serial_ice_l,
          serial_ice_h, serial_ice_e
Temple:   eino_temple_water

Skill      XL: |  1  2  3  4  5  6  7  8  9 10 |
---------------+-------------------------------+-----
Stealth        | 5 6 7 8 9 10 12 | 12.0
Short Blades   | 3 4 5 7 |  7.0
Hexes          | 5 6 7 9 10 11 | 11.0
Fighting       | 2 3 4 5 |  5.0
Ice Magic      | 1 2 4 5 |  5.6
Armour         | 1 2 |  2.0
Conjurations   | 1 |  1.0
Spellcasting   | 3 4 5 |  5.0
Dodging        | 3 |  3.0
Invocations    | 2 |  2.0

Action                   |  1- 3 |  4- 6 |  7- 9 | 10-12 || total
-------------------------+-------+-------+-------+-------++-------
Melee: Dagger            |    20 |    88 |   182 |    48 ||   338
       Bite              |     2 |     3 |    19 |     9 ||    33
       Punch             |       |       |     5 |     3 ||     8
 Cast: Ensorcelled Hiber |       |    29 |    59 |     7 ||    95
       Confusing Touch   |       |     2 |     8 |     6 ||    16
       Ozocubu's Armour  |       |       |       |     1 ||     1
 Abil: Exsanguinate      |     1 |       |       |       ||     1
  Use: Scroll            |    10 |     5 |     5 |     1 ||    21
       Potion            |     1 |       |     1 |     1 ||     3
 Stab: Sleeping          |     9 |    44 |    56 |     8 ||   117
       Invisible         |     2 |       |     2 |       ||     4
       Confused          |       |     2 |     8 |     6 ||    16
       Distracted        |       |       |     1 |     1 ||     2
Armor: Robe              |       |    19 |    28 |     8 ||    55
Dodge: Dodged            |     4 |    46 |    80 |    36 ||   166

Table legend: (Time is in decaauts)
 A = Elapsed time spent in this place.
 B = Non-inter-level travel time spent in this place.
 C = Inter-level travel time spent in this place.
 D = Time resting spent in this place.
 E = Time spent auto-exploring this place.
 F = Levels seen in this place.
 G = Mean time per level.
                   A        B        C        D        E       F      G
               +--------+--------+--------+--------+--------+-----+--------+
         Total |   8314 |   7579 |    735 |     99 |   6253 |   9 |  923.8 |
       Dungeon |   7828 |   7154 |    674 |     99 |   5841 |   8 |  978.5 |
        Temple |    485 |    425 |     60 |      0 |    412 |   1 |  485.0 |
               +--------+--------+--------+--------+--------+-----+--------+

Top non-repeatable levels by time:
     D:7: 1694 daAuts
     D:4: 1040 daAuts
     D:6: 1023 daAuts
     D:5: 949 daAuts
     D:2: 937 daAuts
     D:8: 856 daAuts
     D:3: 770 daAuts
     D:1: 555 daAuts
  Temple: 485 daAuts
